 Dungeon Crawl Stone Soup version 0.27-a0-1324-ge0d8e047f6 (webtiles) character file.

Game seed: 11798976604549982528

16190 karkarkar the Cleaver (level 12, -1/107 HPs)
             Began as a Minotaur Berserker on June 24, 2021.
             Was an Elder of Trog.
             Killed from afar by an orc sorcerer (14 damage)
             ... with a bolt of fire
             ... on level 2 of the Orcish Mines.
             The game lasted 00:31:45 (14768 turns).

karkarkar the Cleaver (Minotaur Berserker)         Turns: 14768, Time: 00:31:46

Health: -1/107     AC: 21    Str: 28    XL:     12   Next: 7%
Magic:  11/11      EV: 10    Int:  6    God:    Trog [****..]
Gold:   1196       SH:  0    Dex: 11    Spells: 11/11 levels left

rFire    . . .     SeeInvis .   w - +11 falchion of Kindness {elec, *Slow Int+2 Dex+2}
rCold    . . .     Faith    .   (no shield)
rNeg     . . .     Spirit   .   G - +0 plate armour
rPois    .         Reflect  .   (helmet restricted)
rElec    .         Harm     .   (no cloak)
rCorr    .         Rampage  .   x - +0 pair of gloves
Will     +++..                  C - +0 pair of boots
Stlth    ..........             (no amulet)
HPRegen  1.27/turn              u - ring of willpower
MPRegen  0.12/turn              h - +4 ring of protection

@: strong-willed, regenerating
A: horns 2, retaliatory headbutt
a: Renounce Religion, Berserk, Trog's Hand, Brothers in Arms


You were on level 2 of the Orcish Mines.
You worshipped Trog.
Trog was greatly pleased with you.
You visited 2 branches of the dungeon, and saw 12 of its levels.

You collected 1196 gold pieces.

Inventory:

Hand Weapons
 l - the +2 hand axe of the Lumpy Bounties {venom, +Rage rPois Will+}
   (You found it on level 5 of the Dungeon)

   It poisons the flesh of those it strikes.
   It protects you from poison.
   It lets you go berserk.
   It increases your willpower.
 m - a +2 dire flail of protection
 s - a +2 war axe of flaming
 w - the +11 falchion of Kindness (weapon) {elec, *Slow Int+2 Dex+2}
   (You found it on level 8 of the Dungeon)

   Occasionally, upon striking a foe, it can discharge electrical energy and
   cause terrible harm.
   It affects your intelligence (+2).
   It affects your dexterity (+2).
   It may slow you when you take damage.
Missiles
 t - 3 throwing nets
 H - a curare-tipped dart (quivered)
 I - 5 boomerangs of dispersal
Armour
 x - a +0 pair of gloves (worn)
 C - a +0 pair of boots (worn)
 F - +0 acid dragon scales
 G - a +0 plate armour (worn)
Jewellery
 d - a ring of flight
 h - a +4 ring of protection (right hand)
 u - a ring of willpower (left hand)
Wands
 f - a wand of charming (10)
 g - a wand of mindburst (14)
 k - a wand of flame (19)
 q - a wand of paralysis (9)
 A - a wand of iceblast (8)
Scrolls
 j - a scroll of enchant armour
 n - 4 scrolls of acquirement {unknown}
 o - a scroll of immolation {unknown}
 r - a scroll of brand weapon {unknown}
 v - a scroll of vulnerability {unknown}
 y - a scroll of enchant weapon {unknown}
Potions
 a - a potion of curing
 c - 2 potions of mutation
 e - a potion of flight
 z - a potion of haste {unknown}
 D - a potion of magic
 E - a potion of invisibility {unknown}


   Skills:
 + Level 10.4 Fighting
 + Level 10.8 Long Blades
 + Level 11.3 Axes
 + Level 10.4 Armour
 + Level 8.6 Dodging
 + Level 5.1 Stealth


You had 11 spell levels left.
You didn't know any spells.
Your spell library was empty.

Dungeon Overview and Level Annotations

Branches:
Dungeon (10/15)            Temple (0/1) D:7            Lair (0/6) D:9
    Orc (2/2) D:10            Elf (0/3) Orc:2

Altars:
Elyvilon
Fedhas
Makhleb
Okawaru
Qazlal
Ru
Sif Muna
Uskayaw
Wu Jian
Xom
Yredelemnul
Zin
The Shining One

Shops:
D:2 (   D:4 :   D:5 *


Innate Abilities, Weirdness & Mutations

You have a pair of horns on your head.
You reflexively headbutt those who attack you in melee.


Message History

The orc warrior looks frightened!
The orc knight looks frightened!
The sixfirhy is unaffected.
The red devil is unaffected.
The orc sorcerer resists with almost no effort.
The sixfirhy misses you. You furiously retaliate!
You headbutt the sixfirhy!
You riposte.
You hit the sixfirhy but do no damage. Your headbutt misses the sixfirhy.
The sixfirhy is severely wounded.
The red devil hits you from afar with a +0 trident.
* * * LOW HITPOINT WARNING * * *
The orc sorcerer points at you and mumbles some strange words.
The bolt of negative energy hits the red devil.
The red devil completely resists.
The bolt of negative energy hits you but does no damage.
Things that are here:
a +0 great mace; a +0 plate armour; a +0 flail
Things that are here:
a +0 dagger; a +0 club You feel much better.
The sixfirhy hits you. The sixfirhy shocks you!
* * * LOW HITPOINT WARNING * * *
The sixfirhy hits you.
* * * LOW HITPOINT WARNING * * *
The sixfirhy shocks you!
* * * LOW HITPOINT WARNING * * *
The sixfirhy closely misses you.
You riposte.
You miss the sixfirhy. Your headbutt misses the sixfirhy.
The sixfirhy is severely wounded.
The sixfirhy hits you but does no damage.
The red devil hits you but does no damage.
You barely miss the sixfirhy.
The sixfirhy is heavily wounded.
The sixfirhy hits you but does no damage.
The sixfirhy barely misses you.
The orc sorcerer mumbles some strange words.
The red devil disappears in a puff of smoke!
The orc sorcerer no longer looks unusually strong.
The sixfirhy disappears in a puff of smoke!
Okay, then.
The orc sorcerer points at you and mumbles some strange words.
The bolt of fire hits you!
You die...

#####............................
≈≈≈≈..................#..........
..................#..............
.......#.##...........88888888...
......###...).........8888.888...
....####...)#...#..............#.
...## #.....##............8....##
.### *######.##..#........8.....#
## *#÷...,####.@................
*##.....,,∩*##......8888}888..#
*.......,,,,*##.)...8888.888.##
##.......,,,,∩#)))............#
##......,,,,,,∩#.o).........####
#...o.o,,,,,,,##§......##...#
#...#,,,,,,,∩*#4..#.^#####.##
...#*,,,,,,*###).#...# ###
..)##*,,****#.o44.#..##


You could see an orc sorcerer.

Vanquished Creatures
  Erolcha (Orc:2)
  4 two-headed ogres
  2 orc high priests (Orc:2)
  4 orc knights
  2 orc sorcerers (Orc:2)
  A kobold demonologist (D:10)
  An unseen horror (D:7)
  2 rime drakes (Orc:2)
  A komodo dragon (D:10)
  Maggie (D:6)
  3 trolls
  3 hornets
  Prince Ribbit (D:5)
  Sigmund (D:5)
  A wyvern (D:10)
  2 wargs
  Edmund (D:5)
  An acid dragon (D:9)
  A water moccasin (D:6)
  Duvessa (D:7)
  A swamp drake (D:10)
  18 orc warriors
  A black bear (D:4)
  An ice beast (D:7)
  A sky beast (D:7)
  7 ogres
  2 necrophages (D:6)
  2 kobold brigands (D:10)
  A bullfrog (D:7)
  A wyvern zombie (D:7)
  3 scorpions
  Dowan (D:7)
  A water moccasin skeleton (D:6)
  13 wights
  2 electric eels (D:9)
  2 howler monkeys
  A centaur zombie (D:6)
  A gnoll shaman (D:6)
  A centaur skeleton (D:6)
  9 orc priests
  2 hounds
  2 jellies
  2 bullfrog skeletons (D:6)
  3 iguanas
  Ijyb (D:5)
  21 orc wizards
  A howler monkey zombie (D:5)
  2 adders
  8 gnolls
  A howler monkey skeleton (D:5)
  A shadow imp (D:8)
  A white imp (D:3)
  An ufetubus (D:7)
  An adder skeleton (D:4)
  3 worms
  A dart slug (D:1)
  53 orcs
  6 ball pythons
  6 bats
  4 endoplasms
  4 giant cockroaches
  5 hobgoblins
  4 jackals (D:1)
  16 kobolds
  3 quokkas
  5 frilled lizards
  5 goblins
  3 rats
  A spectral orc (D:3)
269 creatures vanquished.

Vanquished Creatures (collateral kills)
  An orc (Orc:2)
1 creature vanquished.

Vanquished Creatures (others)
  2 orcs (D:10)
  2 fungi (D:6)
  3 plants (D:6)
7 creatures vanquished.

Grand Total: 277 creatures vanquished

Notes
Turn   | Place    | Note
-------+----------+-------------------------------------------
     0 | D:1      | karkarkar the Minotaur Berserker began the quest for the
                  | Orb.
     0 | D:1      | Reached XP level 1. HP: 19/19 MP: 0/0
   203 | D:1      | Reached skill level 4 in Axes
   203 | D:1      | Reached XP level 2. HP: 27/27 MP: 1/1
   219 | D:1      | Found a faded altar of an unknown god.
  1008 | D:2      | Reached XP level 3. HP: 29/33 MP: 2/2
  1254 | D:2      | Found Kenner Ziev's Weapon Shop.
  1318 | D:2      | Found a shimmering blue altar of Sif Muna.
  1925 | D:3      | Reached ** piety under Trog
  2212 | D:3      | Reached XP level 4. HP: 11/41 MP: 3/3
  2590 | D:3      | Found a basalt altar of Yredelemnul.
  2902 | D:4      | Reached skill level 5 in Axes
  3006 | D:4      | Reached XP level 5. HP: 35/47 MP: 4/4
  3035 | D:4      | Noticed a black bear
  3048 | D:4      | Killed a black bear
  3049 | D:4      | Reached skill level 5 in Fighting
  3049 | D:4      | Reached skill level 6 in Axes
  3077 | D:4      | Reached XP level 6. HP: 40/56 MP: 5/5
  3182 | D:4      | Found Toroiwku's Book Boutique.
  3801 | D:5      | Entered Level 5 of the Dungeon
  3935 | D:5      | Noticed Ijyb
  3943 | D:5      | Killed Ijyb
  4120 | D:5      | Noticed Sigmund
  4136 | D:5      | Killed Sigmund
  4137 | D:5      | Reached XP level 7. HP: 15/61 MP: 6/6
  4581 | D:5      | Identified the +2 hand axe of the Lumpy Bounties {venom,
                  | +Rage rPois Will+}
  4612 | D:5      | Noticed Edmund
  4631 | D:5      | Killed Edmund
  4632 | D:5      | Reached skill level 7 in Axes
  4632 | D:5      | Reached skill level 1 in Stealth
  4769 | D:5      | Noticed Prince Ribbit
  4799 | D:5      | Killed Prince Ribbit
  4800 | D:5      | Reached skill level 8 in Axes
  4980 | D:5      | Found a burning altar of Makhleb.
  5060 | D:5      | Found Sautwun's General Store.
  5128 | D:5      | Reached XP level 8. HP: 17/70 MP: 7/7
  5680 | D:6      | Reached skill level 5 in Dodging
  5949 | D:6      | Found an ornate altar of the Wu Jian Council.
  6089 | D:6      | Found an iron altar of Okawaru.
  6185 | D:6      | Reached skill level 9 in Axes
  6327 | D:6      | Noticed Maggie
  6338 | D:6      | Killed Maggie
  6339 | D:6      | Reached skill level 5 in Armour
  6488 | D:6      | Found a blossoming altar of Fedhas.
  6490 | D:6      | Found a stormy altar of Qazlal.
  6698 | D:6      | Reached XP level 9. HP: 79/79 MP: 8/8
  6915 | D:7      | Noticed Dowan
  6917 | D:7      | Noticed Duvessa
  6929 | D:7      | Killed Duvessa
  6930 | D:7      | Reached skill level 10 in Axes
  6934 | D:7      | Killed Dowan
  7009 | D:7      | Paralysed by a hornet for 2 turns
  7193 | D:7      | Found a staircase to the Ecumenical Temple.
  7417 | D:7      | Reached *** piety under Trog
  7665 | D:7      | Killed an unseen horror
  7666 | D:7      | Reached skill level 11 in Axes
  8042 | D:8      | Identified the +11 falchion of Kindness {elec, *Slow Int+2
                  | Dex+2}
  8509 | D:8      | Reached skill level 1 in Long Blades
  8872 | D:9      | Reached XP level 10. HP: 89/90 MP: 9/9
  8902 | D:9      | Noticed a two-headed ogre
  8920 | D:9      | Killed a two-headed ogre
  9706 | D:9      | Found a staircase to the Lair.
 10547 | D:10     | Entered Level 10 of the Dungeon
 10547 | D:10     | Noticed a two-headed ogre
 10553 | D:10     | Killed a two-headed ogre
 10621 | D:10     | Reached skill level 5 in Long Blades
 10628 | D:10     | Found a sacrificial altar of Ru.
 10793 | D:10     | Found a shimmering altar of Xom.
 10800 | D:10     | Noticed an orc knight
 10818 | D:10     | Killed an orc knight
 11335 | D:10     | Noticed an orange demon
 11341 | D:10     | Reached skill level 5 in Stealth
 11341 | D:10     | Reached XP level 11. HP: 68/97 MP: 10/10
 11354 | D:10     | Found a white marble altar of Elyvilon.
 11514 | D:10     | Noticed a two-headed ogre
 11527 | D:10     | Killed a two-headed ogre
 11580 | D:10     | Found a staircase to the Orcish Mines.
 11808 | D:10     | Found a glowing golden altar of the Shining One.
 11911 | D:10     | Found a hide-covered altar of Uskayaw.
 11947 | D:10     | Found a glowing silver altar of Zin.
 12030 | D:10     | Found a shimmering blue altar of Sif Muna.
 12172 | Orc:1    | Entered Level 1 of the Orcish Mines
 12182 | Orc:1    | Reached **** piety under Trog
 12687 | Orc:2    | Entered Level 2 of the Orcish Mines
 12687 | Orc:2    | Noticed Erolcha
 12692 | Orc:2    | Killed Erolcha
 12711 | Orc:2    | Noticed a two-headed ogre
 12721 | Orc:2    | Killed a two-headed ogre
 12722 | Orc:2    | Reached skill level 10 in Fighting
 12723 | Orc:2    | Noticed an orc sorcerer
 13215 | Orc:2    | Killed an orc sorcerer
 13342 | Orc:2    | Found a staircase to the Elven Halls.
 13927 | Orc:2    | Noticed an orc knight
 13930 | Orc:2    | Reached skill level 10 in Long Blades
 13955 | Orc:2    | Killed an orc knight
 14145 | Orc:2    | Noticed an orc sorcerer
 14146 | Orc:2    | Noticed an orc knight
 14150 | Orc:2    | Noticed a sun demon
 14196 | Orc:2    | Killed an orc sorcerer
 14208 | Orc:2    | Killed an orc knight
 14259 | Orc:2    | Noticed an orc high priest
 14260 | Orc:2    | Noticed an orc high priest
 14267 | Orc:2    | Noticed an orc knight
 14273 | Orc:2    | Killed an orc high priest
 14274 | Orc:2    | Reached skill level 10 in Armour
 14324 | Orc:2    | Noticed a soul eater
 14338 | Orc:2    | Killed an orc high priest
 14339 | Orc:2    | Reached XP level 12. HP: 69/107 MP: 11/11
 14737 | Orc:2    | Noticed an orc high priest
 14768 | Orc:2    | Killed from afar by an orc sorcerer

Illustrated notes

Levels and vault maps discovered:
D:1:      saegor_arrival_simple_b, layout_basic,
          hellmonk_ecumenical_altar_heavens_door
D:2:      layout_rooms, basic_altar, serial_shops, nicolae_shop_behind_doors
D:3:      layout_loops_ring, yredelemnul_forgotten_temple_becter
D:4:      layout_cave_pools, serial_shops, shop, columned_hall_lemuel
D:5:      layout_basic, lemuel_coloured_pillars_altar, serial_shops,
          nicolae_lakefront_shop, chequers_serial_rivers_room_b,
          minmay_misc_feat_rugged, uniq_edmund, uniq_prince_ribbit1,
          uniq_sigmund, uniq_ijyb
D:6:      layout_basic, grunt_temple_overflow_forces_of_nature,
          nicolae_overflow_crystal_walls, okawaru_trees_1, uniq_maggie
D:7:      layout_rooms, minmay_temple_entry_large_hall, uniq_duvessa
D:8:      layout_cave_pools
D:9:      layout_basic, minmay_misc_feat_x
D:10:     layout_small_grid, tso_altar, kennysheep_little_box,
          old_standard_altar, kennysheep_orc_sif_temple,
          nicolae_elyvilon_peaceful_grove, nicolae_overflow_hidden_temple,
          erik_orc_1
Orc:1:    layout_caves
Orc:2:    grunt_orc_tribal_feast, layout_caves, portal_ice_cave_rime,
          hellmonk_bongcloud_opening, nicolae_orc_flooded_monolith,
          nicolae_orc_tapped_out, uniq_erolcha

Skill      XL: |  1  2  3  4  5  6  7  8  9 10 11 |
---------------+----------------------------------+-----
Axes           | 4 5 6 8 9 11 | 11.3
Fighting       | 4 5 6 7 8 9 10 | 10.4
Armour         | 3 4 5 6 10 | 10.4
Dodging        | 3 4 6 7 8 |  8.6
Stealth        | 1 2 3 5 |  5.1
Long Blades    | 1 7 10 | 10.8

Action                   |  1- 3 |  4- 6 |  7- 9 | 10-12 || total
-------------------------+-------+-------+-------+-------++-------
Melee: Hand axe          |    46 |       |   218 |       ||   264
       Headbutt          |    12 |    12 |    43 |    78 ||   145
       War axe           |    63 |    62 |       |       ||   125
       Falchion          |       |       |    22 |   316 ||   338
Invok: Berserk           |     2 |     1 |     2 |     2 ||     7
       Trog's Hand       |       |     3 |     6 |    12 ||    21
       Brothers in Arms  |       |       |       |     1 ||     1
  Use: Scroll            |     2 |     3 |     5 |     6 ||    16
       Potion            |       |       |     2 |     3 ||     5
 Stab: Sleeping          |       |       |     5 |     1 ||     6
Armor: Animal skin       |    18 |       |       |       ||    18
       Leather armour    |    13 |    17 |    86 |    13 ||   129
       Plate armour      |       |       |       |   216 ||   216
Dodge: Dodged            |    79 |    44 |   121 |   160 ||   404
       Rpst.: Falchion   |       |       |     5 |    32 ||    37

Table legend: (Time is in decaauts)
 A = Elapsed time spent in this place.
 B = Non-inter-level travel time spent in this place.
 C = Inter-level travel time spent in this place.
 D = Time resting spent in this place.
 E = Time spent auto-exploring this place.
 F = Levels seen in this place.
 G = Mean time per level.
                   A        B        C        D        E       F      G
               +--------+--------+--------+--------+--------+-----+--------+
         Total |  14809 |  14722 |     87 |   3431 |   8275 |  12 | 1234.1 |
       Dungeon |  12437 |  12350 |     87 |   2668 |   7461 |  10 | 1243.7 |
  Orcish Mines |   2372 |   2372 |      0 |    763 |    814 |   2 | 1186.0 |
               +--------+--------+--------+--------+--------+-----+--------+

Top non-repeatable levels by time:
     D:5: 1837 daAuts
    D:10: 1834 daAuts
     D:9: 1811 daAuts
     D:6: 1470 daAuts
   Orc:2: 1467 daAuts
     D:3: 1243 daAuts
     D:1: 991 daAuts
     D:4: 934 daAuts
   Orc:1: 904 daAuts
     D:7: 891 daAuts
     D:8: 732 daAuts
     D:2: 689 daAuts
